 Dungeon Crawl Stone Soup version 0.26.1-10-gdfb7c7de75 (webtiles) character file.

Game seed: 6849959482937197718

0 Almogavar the Magician (level 1, 0/13 HPs)
             Began as a Gnoll Wanderer on Apr 12, 2021.
             Slain by a dart slug (3 damage)
             ... on level 1 of the Dungeon.
             The game lasted 00:00:42 (110 turns).

Almogavar the Magician (Gnoll Wanderer)              Turns: 110, Time: 00:00:42

Health: 0/13       AC:  2    Str: 14    XL:     1   Next: 10%
Magic:  6/6        EV: 11    Int: 13    God:
Gold:   28         SH:  0    Dex: 15    Spells: 9/9 levels left

rFire    . . .     SeeInvis .   a - +0 dagger
rCold    . . .     Faith    .   (no shield)
rNeg     . . .     Spirit   .   d - +0 robe
rPois    .         Reflect  .   (no helmet)
rElec    .         Harm     .   (no cloak)
rCorr    .         Rampage  .   (no gloves)
Will     .....                  (no boots)
Stlth    +.........             (no amulet)
HPRegen  0.04/turn              (no ring)
MPRegen  0.10/turn              (no ring)

@: no status effects
A: distributed training, fangs 1, strong nose
a: no special abilities


You were on level 1 of the Dungeon.
You visited 1 branch of the dungeon, and saw 1 of its levels.

You collected 28 gold pieces.

Inventory:

Hand Weapons
 a - a +0 dagger (weapon)
Armour
 d - a +0 robe (worn)
Scrolls
 b - 2 scrolls of remove curse {unknown}
 e - a scroll of identify {unknown}
Potions
 c - 2 potions of brilliance {unknown}


   Skills:
 + Level 0.0 Fighting
 + Level 0.0 Short Blades
 + Level 0.0 Long Blades
 + Level 0.0 Axes
 + Level 0.0 Maces & Flails
 + Level 0.0 Polearms
 + Level 0.0 Staves
 + Level 0.0 Slings
 + Level 0.0 Bows
 + Level 0.0 Crossbows
 + Level 0.0 Throwing
 + Level 0.0 Armour
 + Level 0.0 Dodging
 + Level 0.0 Stealth
 + Level 2.3 Shields
 + Level 0.0 Unarmed Combat
 + Level 4.8 Spellcasting
 + Level 0.0 Conjurations
 + Level 0.0 Hexes
 + Level 3.6 Summonings
 + Level 1.9 Necromancy
 + Level 1.9 Translocations
 + Level 0.0 Transmutations
 + Level 0.0 Fire Magic
 + Level 3.6 Ice Magic
 + Level 0.0 Air Magic
 + Level 0.0 Earth Magic
 + Level 0.0 Poison Magic
 + Level 0.0 Invocations
 + Level 2.3 Evocations


You had 9 spell levels left.
You didn't know any spells.
Your spell library contained the following spells:

 Spells                   Type           Power        Failure   Level
 Summon Small Mammal      Summ           48%          4%          1
 Animate Skeleton         Necr           16%          9%          1
 Pain                     Necr           32%          9%          1
 Shock                    Conj/Air       12%          19%         1
 Summon Guardian Golem    Hex/Summ       7%           26%         3
 Vampiric Draining        Necr           4%           26%         3
 Stone Arrow              Conj/Erth      6%           50%         3
 Animate Dead             Necr           4%           65%         4
 Agony                    Necr           8%           94%         5


Dungeon Overview and Level Annotations

Branches:
Dungeon (1/15)

Altars:


Innate Abilities, Weirdness & Mutations

Your experience applies equally to all skills.
You have very sharp teeth.
Your uncanny sense of smell can sniff out nearby items.


Message History

The dart slug bites you.
You hit the dart slug. You bite the dart slug.
The dart slug is severely wounded.
The dart slug closely misses you.
You hit the dart slug but do no damage.
The dart slug is severely wounded.
The dart slug launches a dart at you. The slug dart hits you.
You hit the dart slug but do no damage.
The dart slug is severely wounded.
You hit the dart slug but do no damage. Your bite misses the dart slug.
The dart slug is severely wounded.
The dart slug launches a dart at you. The slug dart hits you.
* * * LOW HITPOINT WARNING * * *
You are too injured to fight recklessly!
You hit the dart slug but do no damage.
The dart slug is severely wounded.
The dart slug bites you.
You die...

##...##.. ∆ ......#.?
#....... #.....#
#######....###.
...............
#.......w......
.......@.......
#.#.###.#####...
#.##.##.........
........#####... .
#.##.##.#####.##### .
#. #......#....# .
#..####.#...# .
.#####..####)#...#### .
....................##.


You could see a dart slug.

Vanquished Creatures
  A goblin (D:1)
1 creature vanquished.

Notes
Turn   | Place    | Note
-------+----------+-------------------------------------------
     0 | D:1      | Almogavar the Gnoll Wanderer began the quest for the Orb.
     0 | D:1      | Almogavar set off with the following items: a +0 dagger, a
                  | +0 robe; and the following spells available to memorise:
                  | Summon Small Mammal, Animate Skeleton, Pain, Shock, Summon
                  | Guardian Golem, Vampiric Draining, Stone Arrow, Animate
                  | Dead, Agony
     0 | D:1      | Reached XP level 1. HP: 13/13 MP: 6/6
   110 | D:1      | Slain by a dart slug

Illustrated notes

Levels and vault maps discovered:
D:1:      scummos_arrival_gate, layout_loops_ring

Action                   || total
-------------------------++-------
Melee: Dagger            ||     9
       Bite              ||     1
Dodge: Dodged            ||     2
